 Dungeon Crawl Stone Soup version 0.25-a0-949-gdd2af9e06e (webtiles) character file.

Game seed: 659830131329737065, levelgen mode: deterministic

8172 Abmis123 the Slinger (level 11, -10/97 HPs)
             Began as a Deep Dwarf Wanderer on May 8, 2020.
             Was a Believer of Elyvilon.
             Mangled by an orc knight
             ... wielding a +0 halberd
              (13 damage)
             ... in a bailey.
             The game lasted 01:40:56 (10961 turns).

Abmis123 the Slinger (Deep Dwarf Wanderer)         Turns: 10961, Time: 01:40:56

Health: -10/97     AC: 20    Str: 22    XL:     11   Next: 6%
Magic:  16/16      EV:  3    Int: 16    God:    Elyvilon [**....]
Gold:   545        SH:  0    Dex:  8    Spells: 8/10 levels left

rFire    . . .     SeeInvis .   b - +0 hunting sling
rCold    + . .     Gourm    .   (no shield)
rNeg     + . .     Faith    .   e - +0 crystal plate armour
rPois    +         Spirit   .   (no helmet)
rElec    .         Reflect  .   s - +0 cloak of Ryph {-Cast rN+ MR+ Int+2}
rCorr    .         Harm     .   w - +1 pair of gloves
MR       ++...     NoCast   +   (no boots)
Stlth    ..........             (no amulet)
HPRegen  0.00/turn              u - ring of poison resistance
MPRegen  0.15/turn              V - ring of protection from cold

@: about to teleport, non-regenerating
A: damage resistance, heal wounds, sense surroundings 2, no regeneration
a: Heal Wounds, Lesser Healing, Heal Other, Divine Protection, Renounce Religion


You were in a bailey.
You worshipped Elyvilon.
Elyvilon was pleased with you.
You were not hungry.

You visited 2 branches of the dungeon, and saw 11 of its levels.
You also visited: Bailey.

You collected 545 gold pieces.

Inventory:

Hand Weapons
 b - a +0 hunting sling (weapon)
 p - a +2 short sword of speed
 x - a +0 war axe
 L - a +2 flail of protection
Missiles
 c - 5 silver boomerangs
 i - 256 stones (quivered)
 q - 26 boomerangs
 C - 63 bolts
 K - 3 atropa-tipped darts
 N - 20 sling bullets
Armour
 e - a +0 crystal plate armour (worn)
 j - a +1 leather armour of poison resistance
 s - the +0 cloak of Ryph (worn) {-Cast rN+ MR+ Int+2}
   (You found it on level 6 of the Dungeon)

   It affects your intelligence (+2).
   It protects you from negative energy.
   It affects your resistance to hostile enchantments.
   It prevents spellcasting.
 w - a +1 pair of gloves (worn)
 Q - a +0 chain mail of cold resistance
 Y - a +0 plate armour
Jewellery
 u - a ring of poison resistance (left hand)
 V - a ring of protection from cold (right hand)
Wands
 F - a wand of acid (2)
 X - a wand of disintegration (2)
 Z - a wand of digging (2)
Scrolls
 g - a scroll of amnesia
 m - 2 scrolls of remove curse
 n - a scroll of enchant armour {unknown}
 y - a scroll of acquirement {unknown}
 J - 3 scrolls of teleportation
 M - a scroll of fog {unknown}
 P - 4 scrolls of enchant weapon {unknown}
 T - a scroll of silence {unknown}
 U - 2 scrolls of magic mapping {unknown}
 W - a scroll of torment {unknown}
Potions
 a - 3 potions of haste
 h - 4 potions of flight
 k - a potion of experience {unknown}
 l - a potion of heal wounds
 o - 2 potions of brilliance
 r - a potion of might {unknown}
 t - a potion of stabbing
 v - a potion of berserk rage {unknown}
 z - 6 potions of curing
 A - 2 potions of mutation
 D - 3 potions of cancellation
 O - a potion of resistance
Comestibles
 d - 4 chunks of flesh
 f - 14 rations


   Skills:
 + Level 6.0 Fighting
   Level 2.6 Polearms
 - Level 12.0 Slings
 * Level 5.0 Armour
 - Level 1.1 Dodging
 - Level 3.5 Stealth
   Level 1.1 Shields
 + Level 10.8 Invocations
 + Level 8.7 Evocations


You had 8 spell levels left.
You knew the following spells:

 Your Spells              Type           Power        Failure   Level  Hunger
a - Summon Small Mammal   Summ           #...         100%        1    ##.....
b - Summon Butterflies    Summ           #.......     100%        1    ##.....

Your spell library contained the following spells:

 Spells                   Type           Power        Failure   Level  Hunger
 Call Imp                 Summ           #.......     100%        2    ###....
 Call Canine Familiar     Summ           #.......     100%        3    ####...
 Summon Guardian Golem    Hex/Summ       #.......     100%        3    ####...
 Summon Ice Beast         Ice/Summ       #.......     100%        4    #####..
 Summon Lightning Spire   Summ/Air       #.......     100%        4    #####..
 Summon Mana Viper        Hex/Summ       #.......     100%        5    ######.
 Summon Hydra             Summ           #.........   100%        7    #######


Dungeon Overview and Level Annotations

Branches:
Dungeon (10/15)            Temple (1/1) D:4          Bailey (1/1)
   Lair: D:8-11         Orc: D:9-12

Altars:
Ashenzari
Cheibriados
Dithmenos
Elyvilon
Fedhas
Gozag
Hepliaklqana
Kikubaaqudgha
Makhleb
Nemelex Xobeh
Okawaru
Qazlal
Ru
Sif Muna
Trog
Uskayaw
Vehumet
Wu Jian
Xom
Yredelemnul
Zin
The Shining One

Shops:
D:5 ==*:   D:6 [[

Annotations:
D:3 exclusion: 3 downstairs
D:5 2 transporters, mortelune's ghost, novice CeHu


Innate Abilities, Weirdness & Mutations

You are resistant to damage.
You can heal yourself by infusing magical energy.
You passively map the area around you.
You do not regenerate.


Message History

The orc knight seems to be corroded for longer.
The orc knight is severely wounded.
The bolt of acid hits the orc knight!!
The orc knight is splashed with acid.
The acid corrodes the orc knight!
The orc knight is almost dead.
The orc knight hits you but does no damage.
Fire/throw which item? (* to show all) (? for menu, Esc to quit)
Okay, then.
Evoke which item? (* to show all) (? for menu, Esc to quit)
Aiming: Corrosive Bolt
Press: ? - help, Shift-Dir - straight line The bolt of acid misses the orc knight.
The orc knight hits you from afar with a +0 halberd!!!
* * * LOW HITPOINT WARNING * * *
As you read the scroll of teleportation, it crumbles to dust.
You feel strangely unstable.
The orc knight hits you from afar with a +0 glaive!!
* * * LOW HITPOINT WARNING * * *
The orc knight hits you from afar with a +0 halberd!
You die...

# ############ ##
##........∩.##
.######......).....#
.#....#.......))...#
))..).'...)...)...∩#
.#....#...)...)))..#
.######.....).o)...#
## ##..))))o)@.## #
############


You could see 2 orc knights.

Vanquished Creatures
  Pikel (D:4)
  2 orc knights (Bailey)
  Grinder (D:5)
  A hippogriff (D:7)
  A human (D:6)
  5 yaks
  Edmund (D:4)
  2 water moccasins
  A black bear (D:7)
  9 orc warriors
  3 ice beasts
  2 slaves
  6 sky beasts
  6 centaurs
  A phantom (D:5)
  4 ogres
  2 bullfrogs
  Blork the orc (D:4)
  A gnoll sergeant (D:9)
  A water moccasin skeleton (D:7)
  4 wights (D:8)
  A howler monkey (D:6)
  2 crimson imps
  A centaur zombie (D:6)
  3 jellies
  5 hounds
  9 orc priests
  2 orc wizards
  A bullfrog skeleton (D:6)
  Ijyb (D:5)
  5 iguanas
  6 worker ants
  A killer bee zombie (D:8)
  2 hound skeletons
  2 worker ant zombies (D:5)
  5 gnolls
  A howler monkey skeleton (D:9)
  8 adders
  A shadow imp (D:6)
  2 adder zombies
  An adder skeleton (D:5)
  2 dart slugs
  3 leopard geckos
  48 orcs
  3 giant cockroaches
  6 goblins
  9 hobgoblins
  8 jackals
  8 kobolds
  2 quokkas
  3 ball pythons
  9 bats
  3 frilled lizards
  2 quokka skeletons
  3 rats
223 creatures vanquished.

Vanquished Creatures (others)
  2 hogs (D:7)
  7 orcs
9 creatures vanquished.

Grand Total: 232 creatures vanquished

Notes
Turn   | Place    | Note
-------+----------+-------------------------------------------
     0 | D:1      | Abmis123 the Deep Dwarf Wanderer began the quest for the
                  | Orb.
     0 | D:1      | Abmis123 set off with the following items: a +2 spear, a +0
                  | short sword, a potion of lignification, a +0 robe, a +0
                  | dagger, a ration
     0 | D:1      | Reached XP level 1. HP: 24/24 MP: 1/1
   153 | D:1      | Reached XP level 2. HP: 31/31 MP: 2/2
   552 | D:1      | Reached XP level 3. HP: 35/37 MP: 3/3
   964 | D:2      | Found an ornate altar of the Wu Jian Council.
  1050 | D:2      | Reached skill level 1 in Slings
  1063 | D:2      | Reached XP level 4. HP: 36/45 MP: 4/4
  1101 | D:2      | Reached skill level 2 in Slings
  1195 | D:2      | Reached skill level 3 in Slings
  1375 | D:2      | Found a bloodstained altar of Trog.
  1566 | D:3      | Learned a level 1 spell: Summon Small Mammal
  2197 | D:4      | Noticed Edmund
  2313 | D:4      | Found a staircase to the Ecumenical Temple.
  2322 | Temple   | Entered the Ecumenical Temple
  2595 | Temple   | Became a worshipper of Elyvilon the Healer
  2634 | D:4      | Found a sparkling altar of Nemelex Xobeh.
  2634 | D:4      | Noticed an ogre
  2741 | D:4      | Noticed an ogre
  2790 | D:4      | Found an ancient bone altar of Kikubaaqudgha.
  2953 | D:4      | Reached XP level 5. HP: 41/51 MP: 5/5
  3027 | D:5      | Entered Level 5 of the Dungeon
  3027 | D:5      | Noticed a phantom
  3156 | D:5      | Found a transporter.
  3156 | D:5      | Found a transporter.
  3156 | D:5      | Noticed mortelune's ghost (novice CeHu)
  3196 | D:5      | Noticed a slave
  3196 | D:5      | Noticed a slave
  3196 | D:5      | Noticed Pikel
  3196 | D:5      | Noticed Ijyb
  3196 | D:5      | Noticed a slave
  3335 | D:5      | Noticed a centaur
  3353 | D:5      | Killed a centaur
  3353 | D:5      | Reached skill level 4 in Slings
  3412 | D:5      | Paralysed by Ijyb for 3 turns
  3434 | D:5      | Killed Ijyb
  3479 | D:5      | Noticed Grinder
  3486 | D:5      | Paralysed by Grinder for 3 turns
  3495 | D:5      | Reached XP level 6. HP: 58/58 MP: 6/8
  3516 | D:5      | Killed Grinder
  3516 | D:5      | Reached skill level 5 in Slings
  3523 | D:5      | Reached XP level 7. HP: 66/66 MP: 8/10
  3542 | D:5      | Reached skill level 6 in Slings
  3674 | D:5      | Found Poozoust's Jewellery Boutique.
  3674 | D:5      | Found Hiaskumn's Jewellery Boutique.
  3675 | D:5      | Found Yfigoi's General Store.
  3677 | D:5      | Found Caezuf's Book Boutique.
  3749 | D:4      | Found an iron altar of Okawaru.
  3973 | D:4      | Reached skill level 5 in Invocations
  4101 | D:4      | Killed Pikel
  4101 | D:4      | Reached skill level 8 in Slings
  4101 | D:4      | Reached XP level 8. HP: 47/73 MP: 10/12
  4174 | D:5      | Reached * piety under Elyvilon
  4198 | D:5      | Reached skill level 1 in Evocations
  4395 | D:6      | Found Cual's Armour Shop.
  4594 | D:6      | Reached skill level 9 in Slings
  4667 | D:6      | Found Laij's Antique Armour Shoppe.
  4690 | D:6      | Got a warped cloak
  4696 | D:6      | Identified the cursed +0 cloak of Ryph {-Cast rN+ MR+
                  | Int+2} (You found it on level 6 of the Dungeon)
  4701 | D:6      | Found a basalt altar of Yredelemnul.
  4701 | D:6      | Found a hazy altar of Hepliaklqana.
  5308 | D:6      | Reached ** piety under Elyvilon
  5837 | D:7      | Gained mutation: You passively map the area around you.
                  | [Deep Dwarf growth]
  5837 | D:7      | Reached XP level 9. HP: 54/79 MP: 14/14
  6037 | D:7      | Reached skill level 10 in Slings
  6462 | D:7      | Reached skill level 5 in Evocations
  6848 | D:7      | Reached skill level 11 in Slings
  7348 | D:8      | Found a shattered altar of Ashenzari.
  7382 | D:8      | Learned a level 1 spell: Summon Butterflies
  7439 | D:8      | Found a shimmering altar of Xom.
  7606 | D:7      | Reached XP level 10. HP: 38/87 MP: 16/16
  7684 | D:8      | Found a radiant altar of Vehumet.
  7800 | D:8      | Found a bloodstained altar of Trog.
  7824 | D:8      | Reached *** piety under Elyvilon
  7840 | D:8      | Noticed a two-headed ogre
  7851 | D:8      | Pacified a two-headed ogre
  8405 | D:4      | Found an opulent altar of Gozag.
  8575 | D:4      | Found a burning altar of Makhleb.
  8652 | D:4      | Noticed Blork the orc
  8659 | D:4      | Killed Blork the orc
  8659 | D:4      | Reached skill level 5 in Fighting
  8676 | D:4      | Found a shimmering blue altar of Sif Muna.
  8774 | D:4      | Killed Edmund
  9213 | D:9      | Reached skill level 12 in Slings
  9323 | D:9      | Reached skill level 10 in Invocations
  9562 | D:9      | Noticed a two-headed ogre
  9696 | D:9      | Reached skill level 1 in Armour
 10106 | D:10     | Entered Level 10 of the Dungeon
 10106 | D:10     | Found a flagged portal.
 10343 | Bailey   | Entered a bailey
 10608 | Bailey   | Noticed an orc knight
 10800 | Bailey   | Noticed an orc knight
 10804 | Bailey   | Pacified an orc knight
 10872 | Bailey   | Killed an orc knight
 10872 | Bailey   | Reached XP level 11. HP: 66/97 MP: 16/16
 10880 | Bailey   | Noticed an orc knight
 10884 | Bailey   | Killed an orc knight
 10884 | Bailey   | Reached skill level 5 in Armour
 10908 | Bailey   | Noticed an orc knight
 10908 | Bailey   | Noticed an orc knight
 10961 | Bailey   | HP: 3/97 [orc knight/+0 glaive (22)]
 10961 | Bailey   | Mangled by an orc knight

Levels and vault maps discovered:
D:1:      eino_arrival_cavern_d, layout_rooms
D:2:      layout_rooms, overflow_temple_1_default, first_ration, trog_book
D:3:      layout_basic
D:4:      layout_loops_ring, kiku_gazebo_pond_becter,
          nemelex_xobeh_ov_fountains_minmay, nicolae_overflow_hidden_temple,
          nicolae_gozag_cash_rules_everything_around_me, lightli_temple_of_fire,
          tgw_sif, minmay_temple_entry_glassed_door, uniq_edmund
D:5:      layout_cave_pools, gammafunk_ghost_mausoleum,
          minmay_tree_intersection, minmay_shop_grid_forest, uniq_ijyb,
          uniq_pikel, uniq_grinder
D:6:      layout_cave_pods, gammafunk_temple_overflow_statue, serial_shops,
          kennysheep_mini_moat, shop
D:7:      layout_basic, grunt_livestock
D:8:      layout_gridville, lemuel_coloured_pillars_altar,
          kennysheep_little_box, evilmike_ruin_ashenzari, lemuel_doored_altar
D:9:      layout_gridville
D:10:     layout_loops_corners, enter_bailey_2, special_room [special_room_bee],
          hangedman_abyss_or_decor_passed, hangedman_abyss_or_decor_stabs,
          grunt_ministairs_3, minmay_diamond_spiral, uniq_gastronok
Temple:   compressed_dpeg_triangle_lava_temple
Bailey:   bailey_polearm_5, bailey

Skill      XL: |  1  2  3  4  5  6  7  8  9 10 11 |
---------------+----------------------------------+-----
Stealth        | 3 |  3.5
Polearms       | 2 |  2.6
Slings         | 1 3 4 5 8 9 11 12 | 12.0
Invocations    | 2 4 6 7 9 10 | 10.8
Evocations     | 3 6 8 |  8.7
Fighting       | 5 6 |  6.0
Armour         | 4 5 |  5.0
Dodging        | |  1.1
Shields        | |  1.1

Action                   |  1- 3 |  4- 6 |  7- 9 | 10-12 || total
-------------------------+-------+-------+-------+-------++-------
Melee: Spear             |   118 |   110 |   248 |       ||   476
       Flail             |       |       |     5 |       ||     5
 Fire: Hunting sling     |    31 |    62 |   537 |   479 ||  1109
Throw: Stone             |     8 |     2 |       |       ||    10
       Boomerang         |       |     3 |       |       ||     3
Invok: Heal Other        |       |       |     5 |    22 ||    27
       Lesser Healing    |       |       |     1 |       ||     1
 Abil: Heal Wounds       |       |       |    16 |    13 ||    29
Evoke: Wand              |       |       |     1 |    21 ||    22
  Use: Scroll            |     7 |     2 |     2 |     8 ||    19
       Potion            |       |     3 |     2 |       ||     5
 Stab: Sleeping          |     2 |       |       |       ||     2
       Invisible         |       |     1 |       |       ||     1
  Eat: Chunk             |       |     4 |    15 |    18 ||    37
       Ration            |       |     1 |       |       ||     1
Armor: Robe              |     1 |       |       |       ||     1
       Leather armour    |    34 |     7 |       |       ||    41
       Chain mail        |       |    25 |   268 |    22 ||   315
       Skin              |       |   137 |     9 |       ||   146
       Plate armour      |       |       |       |    98 ||    98
       Crystal plate arm |       |       |       |     9 ||     9
Dodge: Dodged            |    66 |    52 |   162 |    88 ||   368

Table legend:
 A = Non-vault XP
 B = Vault XP
 C = Vault XP percentage of total XP
 D = Non-vault monster count
 E = Vault monster count
 F = Vault count percentage of total count
                 A         B        C        D         E       F
            +---------+---------+-------+---------+---------+-------
      Total |    5684 |    4569 |  44.6 |     176 |      45 |  20.4
            +---------+---------+-------+---------+---------+-------
        D:1 |      46 |       0 |   0.0 |      25 |       0 |   0.0
        D:2 |     120 |       0 |   0.0 |      26 |       0 |   0.0
        D:3 |       9 |       0 |   0.0 |       6 |       0 |   0.0
        D:4 |     323 |     928 |  74.2 |       8 |       3 |  27.3
        D:5 |     982 |     317 |  24.4 |      32 |       2 |   5.9
        D:6 |     700 |     352 |  33.5 |      14 |       2 |  12.5
        D:7 |    1660 |       0 |   0.0 |      26 |       0 |   0.0
        D:8 |    1120 |       0 |   0.0 |      20 |       0 |   0.0
        D:9 |     598 |     865 |  59.1 |      15 |       4 |  21.1
       D:10 |     126 |       0 |   0.0 |       4 |       0 |   0.0
     Bailey |       0 |    2107 | 100.0 |       0 |      34 | 100.0
            +---------+---------+-------+---------+---------+-------
